 Dungeon Crawl Stone Soup version 0.23.1 (webtiles) character file.

Game seed: 13249726941568091023

2161 poirepourri the Cleaver (level 9, -3/74 HPs)
             Began as a Deep Dwarf Fighter on Mar 3, 2019.
             Was an Initiate of Makhleb.
             Engulfed by a cloud of flame (14 damage)
             ... on level 6 of the Dungeon.
             The game lasted 00:04:45 (2734 turns).

poirepourri the Cleaver (Deep Dwarf Fighter)        Turns: 2734, Time: 00:04:46

Health: -3/74      AC:  6    Str: 19    XL:     9   Next: 10%
Magic:  9/9        EV:  7    Int: 10    God:    Makhleb [......]
Gold:   166        SH: 11    Dex: 21    Spells: 8/8 levels left

rFire    . . .     SeeInvis .   a - +2 war axe
rCold    . . .     Gourm    .   c - +1 shield
rNeg     . . .     Faith    .   b - +0 scale mail
rPois    .         Spirit   .   (no helmet)
rElec    .         Reflect  .   (no cloak)
rCorr    .         Harm     .   (no gloves)
MR       ++...                  (no boots)
Stlth    ..........             (no amulet)
HPRegen  0.00/turn              l - ring of protection from magic
MPRegen  0.11/turn              w - +6 ring of dexterity

@: non-regenerating
A: damage resistance, heal wounds, sense surroundings 2, no regeneration
a: Heal Wounds, Renounce Religion


You were on level 6 of the Dungeon.
You worshipped Makhleb.
Makhleb was noncommittal.
You were not hungry.

You visited 2 branches of the dungeon, and saw 6 of its levels.
You also visited: Sewer.

You collected 166 gold pieces.

Inventory:

Hand Weapons
 a - a +2 war axe (weapon)
Missiles
 g - a throwing net (quivered)
Armour
 b - a +0 scale mail (worn)
 c - a +1 shield (worn)
Jewellery
 l - a ring of protection from magic (left hand)
 w - a +6 ring of dexterity (right hand)
Scrolls
 m - 3 scrolls of magic mapping
 n - 3 scrolls of blinking
 p - 2 scrolls of teleportation
 t - a scroll of remove curse
Potions
 d - a potion of might
 e - 2 potions of flight {unknown}
 h - 2 potions of lignification
 i - 2 potions of resistance {unknown}
 j - a potion of degeneration {unknown}
 k - 2 potions of mutation
 o - a potion of brilliance {unknown}
 r - 2 potions of curing
 s - 3 potions of magic
 v - a potion of haste {unknown}
Comestibles
 f - 5 rations


   Skills:
 - Level 2.6 Fighting
 + Level 12.9 Axes
 - Level 3.2 Armour
 - Level 3.2 Shields


You had 8 spell levels left.
You didn't know any spells.
Your spell library was empty.

Dungeon Overview and Level Annotations

Branches:
Dungeon (6/15)             Temple (1/1) D:5

Altars:
Ashenzari
Elyvilon
Fedhas
Hepliaklqana
Makhleb
Nemelex Xobeh
Okawaru
Trog
Vehumet
Wu Jian
Yredelemnul
Zin
The Shining One


Innate Abilities, Weirdness & Mutations

You are resistant to damage.
You can heal yourself by infusing magical energy.
You passively map the area around you.
You do not regenerate.


Message History

Your hound skeleton misses the orc wizard.
Your worker ant barely misses the orc wizard.
As you read the scroll labeled VIQOCRE UNON, it crumbles to dust.
The creatures around you are filled with an inner flame!
It was a scroll of immolation.
Your centaur shoots an arrow.
The arrow hits the orc wizard!
The arrow dissolves into shadows!
Your hound skeleton bites the orc wizard but does no damage.
You block the orc wizard's attack.
You hit the orc wizard.
The orc wizard explodes!
The fiery explosion engulfs your hound skeleton!!
You destroy your hound skeleton!
The fiery explosion engulfs you!!
* * * LOW HITPOINT WARNING * * *
The fiery explosion engulfs your worker ant!!!
You kill your worker ant!
Your worker ant's corpse dissolves into shadows!
Makhleb accepts your kill.
You are engulfed in blazing flames.
You die...

### *, , * #.### , #...## *
,, * ##...###### * ,*
#.#.#....# * #........# , *
##...#.c.# ** *, *
####†#§§§.## , ,,
#####..†.#§§@..# *,,
#........###§#.#
#........######### * *.
#####.....#####..####. * #.
####......#...... # #.
##.##.......###.# ##.
#....>.........####..
###..................
#######....................


You could see a friendly centaur.

Vanquished Creatures
  Pikel (D:5)
  A centaur skeleton (D:6)
  Prince Ribbit (D:5)
  A sky beast (D:4)
  A black bear (D:6)
  3 centaurs
  3 bullfrogs
  A bullfrog zombie (D:5)
  A crimson imp (D:6)
  An orc priest (D:5)
  4 hounds
  A jelly (D:5)
  3 iguanas
  2 orc wizards (D:6)
  2 worker ants
  A hound skeleton (D:5)
  A howler monkey skeleton (D:6)
  A worker ant zombie (D:5)
  A river rat (Sewer)
  9 adders
  A shadow imp (D:6)
  4 oozes
  An adder zombie (D:6)
  A worm (D:4)
  2 dart slugs
  10 leopard geckos
  9 orcs
  12 ball pythons
  3 bats (D:1)
  7 giant cockroaches
  2 goblins (D:1)
  4 hobgoblins (D:1)
  5 jackals
  5 kobolds
  3 frilled lizards
  2 leopard gecko skeletons
  A leopard gecko zombie (D:5)
  31 rats
142 creatures vanquished.

Vanquished Creatures (others)
  A slave (D:5)
  An orc wizard (D:5)
  4 orcs (D:5)
  A quokka (D:5)
7 creatures vanquished.

Grand Total: 149 creatures vanquished

Notes
Turn   | Place    | Note
-------+----------+-------------------------------------------
     0 | D:1      | poirepourri the Deep Dwarf Fighter began the quest for the
                  | Orb.
     0 | D:1      | Reached XP level 1. HP: 20/20 MP: 1/1
   190 | D:1      | Reached skill level 3 in Axes
   190 | D:1      | Reached XP level 2. HP: 16/27 MP: 2/2
   484 | D:1      | Reached XP level 3. HP: 33/33 MP: 3/3
   621 | D:2      | Reached skill level 4 in Axes
   668 | D:2      | You fall through a shaft for 2 floors!
   754 | D:4      | Noticed a sky beast
   761 | D:4      | Killed a sky beast
   761 | D:4      | Reached skill level 5 in Axes
   761 | D:4      | Reached XP level 4. HP: 22/40 MP: 4/4
   761 | D:4      | Reached XP level 5. HP: 25/46 MP: 5/5
   815 | D:4      | Reached skill level 6 in Axes
  1262 | D:5      | Entered Level 5 of the Dungeon
  1332 | D:5      | Reached skill level 7 in Axes
  1332 | D:5      | Reached XP level 6. HP: 54/55 MP: 6/6
  1389 | D:5      | Noticed a slave
  1390 | D:5      | Noticed Pikel
  1391 | D:5      | Noticed a slave
  1392 | D:5      | Noticed a slave
  1393 | D:5      | Noticed a slave
  1406 | D:5      | Killed Pikel
  1406 | D:5      | Reached skill level 9 in Axes
  1406 | D:5      | Reached XP level 7. HP: 32/61 MP: 7/7
  1576 | D:5      | Reached skill level 10 in Axes
  1711 | D:5      | Found a staircase to the Ecumenical Temple.
  1717 | D:5      | Noticed Prince Ribbit
  1722 | Temple   | Entered the Ecumenical Temple
  1725 | Temple   | Reached XP level 8. HP: 46/68 MP: 8/8
  1814 | D:5      | Killed Prince Ribbit
  1814 | D:5      | Reached skill level 11 in Axes
  2082 | D:6      | Reached skill level 12 in Axes
  2110 | D:6      | Found a glowing drain.
  2129 | Sewer    | Entered a sewer
  2538 | D:6      | Gained mutation: You passively map the area around you.
                  | [Deep Dwarf growth]
  2538 | D:6      | Reached XP level 9. HP: 52/74 MP: 9/9
  2682 | D:6      | Found a burning altar of Makhleb.
  2728 | D:6      | Became a worshipper of Makhleb the Destroyer
  2734 | D:6      | Engulfed by a cloud of flame

Skill      XL: |  1  2  3  4  5  6  7  8 |
---------------+-------------------------+-----
Axes           | 3 5 7 9 10 12 | 12.9
Fighting       | |  2.6
Armour         | |  3.2
Shields        | |  3.2

Action                   |  1- 3 |  4- 6 |  7- 9 || total
-------------------------+-------+-------+-------++-------
Melee: War axe           |   109 |    65 |   283 ||   457
 Abil: Heal Wounds       |       |     1 |     2 ||     3
  Use: Scroll            |     5 |     1 |     8 ||    14
       Potion            |     1 |     3 |     8 ||    12
  Eat: Chunk             |       |     1 |     3 ||     4
       Ration            |       |       |     1 ||     1
Armor: Scale mail        |    45 |    23 |    95 ||   163
Dodge: Dodged            |    29 |    18 |    83 ||   130
Block: Shield            |    54 |    25 |   143 ||   222
